Map: 亚历山大港 - 天梯版

Players

Scarlett - Winner!

  • Race: Zerg Zerg
  • League: Diamond

EnDerr

  • Race: Zerg Zerg
  • League: Diamond

Event: WESG 2018 Grand Finals

VOD

Have the link to the VOD?

Description

Time

  • Played on: March 12, 2019, 4:03 a.m.
  • Length: 3:29

All games in this series

Show
View Real Time Build Order
Export as new Build Order

Scarlett Zerg - Winner!

Build Orders: Hatch First 

Get SALT Encoding   

  12  0:00  Drone  
  13  0:12  Overlord  
  13  0:17  Drone  
  14  0:31  Drone x2  
  16  0:48  Hatchery  
  15  0:52  Drone  
  15  0:56  Drone  
  17  0:59  Drone  
  18  1:13  Spawning Pool  
  18  1:16  Extractor  
  18  1:18  Drone  
  17  1:24  Drone  
  18  1:28  Drone  
  19  1:43  Overlord  
  19  2:00  Queen  
  23  2:01  Zergling x6  
  26  2:10  Spine Crawler  
  21  2:36  Zergling x6  
  22  2:46  Spine Crawler  
  22  2:49  Zergling x2  
Show
View Real Time Build Order
Export as new Build Order

EnDerr Zerg 

Build Orders: Pool Only 

Get SALT Encoding   

  12  0:19  Spawning Pool  
  11  0:22  Drone  
  11  0:27  Drone  
  13  0:32  Drone  
  14  0:43  Overlord  
  14  1:07  Zergling x6  
  17  1:18  Zergling x2  
  18  1:31  Zergling x2  
  19  1:39  Zergling x2  
  20  1:52  Zergling x2  
  21  2:03  Spine Crawler  
  21  2:08  Spine Crawler  
  19  2:19  Zergling x2  
  13  2:46  Zergling x2  
  6  3:05  Zergling x2  
Tags
 
Add a new tag
Caveats
  • Supply blocks, unpowered buildings, or Contaminate may cause inaccurate times.
  • Supply counts are checked every 10 seconds.